 Dungeon Crawl Stone Soup version 0.18-b1-22-ge198996 (webtiles) character file.

100 Zhenya25pyc the Skirmisher (level 4, -1/29 HPs)
             Began as a Gargoyle Fighter on May 3, 2016.
             Was an Initiate of Okawaru.
             Killed by nerve-wracking pain
             ... invoked by Grinder
              (7 damage)
             ... on level 3 of the Dungeon.
             The game lasted 00:02:34 (1753 turns).

Zhenya25pyc the Skirmisher (Gargoyle Fighter)       Turns: 1753, Time: 00:02:35

Health: -1/29      AC: 11    Str: 21    XL:     4   Next: 73%
Magic:  4/4        EV:  7    Int:  8    God:    Okawaru [......]
Gold:   59         SH:  9    Dex:  9    Spells: 0 memorised, 3 levels left

rFire  . . .     SeeInvis .     a - +0 flail
rCold  . . .     Gourm    .     b - +0 scale mail
rNeg   + . .     Faith    .     c - +0 shield
rPois  ∞         Spirit   .     i - +0 helmet
rElec  +         Dismiss  .     (no cloak)
rCorr  .         Reflect  .     (no gloves)
SustAt .         Harm     .     (no boots)
MR     .....                    (no amulet)
Stlth  ..........               (no ring)
                                (no ring)

@: not resistant to hostile enchantments, extremely unstealthy
A: negative energy resistance 1, electricity resistance, unbreathing,
petrification resistance, rot immunity, AC +3
a: Renounce Religion


You were on level 3 of the Dungeon.
You worshipped Okawaru.
Okawaru was noncommittal.
You were not hungry.

You visited 1 branch of the dungeon, and saw 3 of its levels.

You collected 59 gold pieces.

Inventory:

Hand Weapons
 a - a +0 flail (weapon)
Armour
 b - a +0 scale mail (worn)
 c - a +0 shield (worn)
 i - a +0 helmet (worn)
Wands
 h - a wand of polymorph (7/24)
Scrolls
 e - a scroll of immolation {unknown}
 j - a scroll of teleportation {unknown}
 k - 4 scrolls of identify {unknown}
 m - a scroll of enchant weapon {unknown}
 o - a scroll of remove curse {unknown}
Potions
 d - a potion of might
Comestibles
 f - 4 bread rations
 g - a slice of pizza
 l - a royal jelly


   Skills:
 + Level 4.0 Fighting
 * Level 3.4 Maces & Flails
 + Level 4.0 Armour
 + Level 3.7 Shields


You had 3 spell levels left.
You didn't know any spells.

Dungeon Overview and Level Annotations

Branches:
Dungeon (3/15)

Altars:
Elyvilon
Okawaru
Pakellas

Annotations:
D:3 Grinder


Innate Abilities, Weirdness & Mutations

You are resistant to torment.
Your stone body is resilient (AC +3).
You are immune to poison.
You resist negative energy.
You are resistant to electric shocks.
You can survive without breathing.
You are immune to petrification.
You are immune to rotting.


Message History

You barely miss the kobold. The kobold completely misses you.
Grinder hits you but does no damage.
You completely miss Grinder.
Grinder is almost dead.
You block the kobold's attack. Grinder hits you but does no damage.
You closely miss Grinder.
Grinder is almost dead.
You block the kobold's attack. You block Grinder's attack.
The kobold hits you but does no damage. Grinder barely misses you.
You closely miss Grinder.
Grinder is almost dead.
The kobold hits you with an uncursed dagger.
* * * LOW HITPOINT WARNING * * *
Grinder closely misses you.
You closely miss Grinder.
Grinder is almost dead.
The kobold hits you but does no damage. Grinder gestures at you.
Pain shoots through your body!
You die...

#. ######........# #.
........####### #..
######..#
#..#########†.#
#.............#
##.#..........#
#.#..........#..#
#......K.....#..####.
###....(@5†...........
##.#..((...#..####.. #
#..).......#
#.....()........
#...............
#.####..###..###.. #.
.... #..# . .. .....#
..# . #.....# .#


You could see Grinder and a kobold.

Vanquished Creatures
  Ijyb (D:2)
  An adder (D:2)
  3 worms (D:3)
  3 giant geckos
  6 bats
  5 giant cockroaches
  9 goblins
  5 hobgoblins
  4 jackals (D:3)
  2 kobolds
  A ball python (D:3)
  6 giant newts
  6 rats
52 creatures vanquished.

Notes
Turn   | Place    | Note
--------------------------------------------------------------
     0 | D:1      | Zhenya25pyc the Gargoyle Fighter began the quest for the Orb.
     0 | D:1      | Reached XP level 1. HP: 14/14 MP: 1/1
    77 | D:1      | Reached XP level 2. HP: 11/19 MP: 2/2
   609 | D:1      | Reached XP level 3. HP: 23/23 MP: 3/3
  1024 | D:2      | Noticed Ijyb
  1046 | D:2      | Killed Ijyb
  1154 | D:2      | Reached XP level 4. HP: 29/29 MP: 4/4
  1300 | D:2      | Found a white marble altar of Elyvilon.
  1303 | D:2      | Found an iron altar of Okawaru.
  1307 | D:2      | Became a worshipper of Warmaster Okawaru
  1311 | D:2      | Found an oddly glowing altar of Pakellas.
  1715 | D:3      | Noticed Grinder
  1730 | D:3      | Paralysed by Grinder for 6 turns
  1741 | D:3      | Paralysed by Grinder for 2 turns
  1753 | D:3      | Killed from afar by Grinder

Skill      XL: |  1  2  3  4 |
---------------+-------------+-----
Maces & Flails | 3 |  3.4
Fighting       | 4 |  4.0
Armour         | 4 |  4.0
Shields        | |  3.7

Action                   |  1- 3 |  4- 6 || total
-------------------------+-------+-------++-------
Melee: Flail             |   118 |   113 ||   231
  Eat: Chunk             |     1 |     2 ||     3
Armor: Scale mail        |    53 |   107 ||   160
Dodge: Dodged            |    39 |    70 ||   109
Block: Shield            |    57 |    80 ||   137
